Map: Cosmic Sapphire

Players

A.I. 1 (Very Easy)

  • Race: Zerg Zerg
  • Spawn Location: 11:00

Meto - Winner!

  • Race: Terran Terran
  • Spawn Location: 5:00

VOD

Have the link to the VOD?

Description

Time

  • Played on: Jan. 10, 2023, 4:53 a.m.
  • Length: 4:47
Show
View Real Time Build Order
Export as new Build Order

A.I. 1 (Very Easy) Zerg 

Build Orders: Pool Only 

Get SALT Encoding   

  12  0:01  Drone  
  13  0:12  Overlord  
  13  0:16  Drone  
  14  0:34  Spawning Pool  
  13  0:37  Drone  
  13  0:41  Extractor  
  13  0:44  Drone  
  14  0:52  Overlord  
  14  1:21  Zergling x2  
  14  1:22  Queen  
  17  1:31  Roach Warren  
  16  1:32  Extractor  
  16  1:37  Drone  
  16  1:39  Zergling x2  
  17  1:44  Drone  
  18  1:56  Zergling x2  
  18  1:58  Drone  
  20  2:09  Drone  
  21  2:19  Drone  
  22  2:29  Drone  
  23  2:30  Overlord  
  23  2:36  Drone  
  24  2:43  Drone  
  25  4:10  Zergling x2  
  23  4:25  Drone  
  13  4:33  Drone  
Show
View Real Time Build Order
Export as new Build Order

Meto Terran - Winner!

Build Orders: 2 Factory, Hellion Opening 

Get SALT Encoding   

  12  0:00  SCV  
  13  0:12  SCV  
  14  0:17  Supply Depot  
  14  0:24  SCV  
  15  0:38  SCV  
  15  0:40  Barracks  
  16  0:49  Barracks  
  16  0:52  SCV  
  17  1:00  Refinery  
  17  1:05  SCV  
  17  1:09  Refinery  
  18  1:17  SCV  
  19  1:29  Supply Depot  
  19  1:31  Orbital Command  
  19  1:38  Marine  
  20  1:51  Factory  
  20  1:57  SCV  
  20  2:01  Barracks Reactor  
  21  2:07  Barracks Reactor  
  21  2:09  SCV  
  22  2:21  SCV  
  23  2:25  Factory  
  23  2:34  SCV  
  23  2:35  Supply Depot  
  24  2:45  Hellion x2  
  28  2:58  Supply Depot  
  28  3:07  Hellion x2  
  32  3:15  Hellion  
  32  3:16  Hellion  
  36  3:21  Supply Depot  
  36  3:28  Hellion  
  36  3:30  Hellion  
  40  3:36  Hellion  
  40  3:40  Hellion  
Tags
 
Add a new tag
Caveats
  • Supply blocks, unpowered buildings, or Contaminate may cause inaccurate times.
  • Supply counts are checked every 10 seconds.